 Dungeon Crawl Stone Soup version 0.32-a0-876-gcfddb08e57 (webtiles) character file.

Game seed: 4692393914261464997

47887 javelincjr the Warrior (level 14, -7/137 HPs)
             Began as a Minotaur Fighter on Apr 1, 2024.
             Was a High Priest of Elyvilon.
             Succumbed to a naga sharpshooter's splash of poison
             ... on level 2 of the Lair of Beasts.
             The game lasted 01:00:24 (17265 turns).

javelincjr the Warrior (Minotaur Fighter)          Turns: 17265, Time: 01:00:24

Health: -7/137     AC: 21    Str: 27    XL:     14   Next: 10%
Magic:  2/18       EV:  8    Int:  5    God:    Elyvilon [*****.]
Gold:   1095       SH: 13    Dex:  9    Spells: 13/13 levels left

rFire   + + +        x - +5 whip of Immorality {venom, *Slow rElec rCorr Str+3}
rCold   . . .        l - +2 kite shield
rNeg    . . .        v - +0 plate armour
rPois   x            (helmet restricted)
rElec   +            q - scarf of the Centaur {shadows, rF+++ Will- Dex-3 Stlth+}
rCorr   +            R - +3 Mad Mage's Maulers {Infuse+∞ VampMP -Cast}
SInv    .            O - +0 pair of boots
Will    .....        g - amulet of regeneration Stlth
                     (no ring)
HPRegen 1.22/turn    (no ring)
MPRegen 0.16/turn

%: no spellcasting, slow self (1%), infuse magic (2 MP)
@: lethally poisoned (-7 -> -42), poison vulnerable
A: horns 2, retaliatory headbutt
a: Renounce Religion, Purification, Heal Other, Heal Self, Divine Vigour


You were on level 2 of the Lair of Beasts.
You worshipped Elyvilon.
Elyvilon was extremely pleased with you.
You visited 3 branches of the dungeon, and saw 16 of its levels.
You also visited: Sewer.

You collected 1095 gold pieces.

Inventory:

Hand Weapons
 a - a +1 trident
 x - the +5 whip of Immorality (weapon) {venom, *Slow rElec rCorr Str+3}
   (You found it on level 4 of the Dungeon)

   Str+3:     It affects your strength (+3).
   rElec:     It insulates you from electricity.
   rCorr:     It protects you from acid and corrosion.
   *Slow:     It may slow you when you take damage.
Missiles
 k - 2 atropa-tipped darts (quivered)
 n - 9 javelins
 D - 17 boomerangs
 L - 16 poisoned darts
 V - 5 curare-tipped darts
Armour
 b - a +2 cloak
 h - +0 steam dragon scales
 j - a +0 chain mail
 l - a +2 kite shield (worn)
 q - the scarf of the Centaur (worn) {shadows, rF+++ Will- Dex-3 Stlth+}
   (You acquired it on level 9 of the Dungeon)

   Dex-3:     It affects your dexterity (-3).
   rF+++:     It renders you almost immune to fire.
   Will-:     It decreases your willpower.
   Stlth+:    It makes you more stealthy.
 v - a +0 plate armour (worn)
 J - a +0 pair of gloves
 O - a +0 pair of boots (worn)
 P - a +0 troll leather armour
 R - the +3 Mad Mage's Maulers (worn) {Infuse+∞ VampMP -Cast}
   (You found it on level 1 of the Lair of Beasts)

   Infuse+∞: It empowers its wearer's blows with all of their magic.
   VampMP:    Blows struck in melee replenish the wearer's magic.
   -Cast:     It prevents spellcasting.
 X - a +4 ring mail of cold resistance
Jewellery
 g - an amulet of regeneration (around neck)
 m - an amulet of reflection
Wands
 y - a wand of flame (58)
 H - a wand of roots (18)
 N - a wand of mindburst (7)
 S - a wand of polymorph (6)
 W - a wand of light (6)
Scrolls
 d - 4 scrolls of teleportation
 e - 4 scrolls of fog
 f - 4 scrolls of noise
 o - 4 scrolls of blinking
 u - 3 scrolls of enchant weapon
 z - 8 scrolls of poison
 B - a scroll of immolation
 G - 5 scrolls of vulnerability
 M - 2 scrolls of fear
 U - a scroll of amnesia
 Y - a scroll of identify
Potions
 c - a potion of resistance
 i - 2 potions of attraction
 p - 3 potions of ambrosia
 r - a potion of cancellation {unknown}
 s - a potion of haste
 t - 4 potions of mutation
 w - 2 potions of enlightenment
 A - 3 potions of lignification
 C - 2 potions of heal wounds
 E - a potion of degeneration {unknown}
 F - a potion of might
 I - a potion of magic
 Q - a potion of invisibility {unknown}
 T - a potion of berserk rage {unknown}


   Skills:
 * Level 16.1 Fighting
 + Level 10.5 Maces & Flails
 + Level 11.7 Polearms
 + Level 12.0 Armour
 + Level 7.7 Dodging
 + Level 11.8 Shields
 + Level 7.1 Invocations


You had 13 spell levels left.
You didn't know any spells.
Your spell library contained the following spells:

 Spells                   Type           Power      Damage    Failure   Level
 Sandblast                Erth           0%         2d4       100%        1
 Slow                     Hex            0%         N/A       100%        1
 Sting                    Conj/Alch      0%         1d3       100%        1
 Cigotuvi's Dreadful Rot  Necr/Alch/Air  0%         N/A       100%        2
 Mercury Vapours          Alch/Air       0%         N/A       100%        2
 Call Canine Familiar     Summ           0%         N/A       100%        3
 Confusing Touch          Hex            0%         N/A       100%        3
 Fugue of the Fallen      Necr           0%         N/A       100%        3
 Hailstorm                Conj/Ice       0%         3d5       100%        3
 Ozocubu's Armour         Ice            0%         N/A       100%        3
 Sigil of Binding         Hex            0%         N/A       100%        3
 Stone Arrow              Conj/Erth      0%         3d7       100%        3
 Summon Ice Beast         Ice/Summ       0%         N/A       100%        3
 Vampiric Draining        Necr           0%         2d6       100%        3
 Volatile Blastmotes      Fire/Tloc      0%         2d10      100%        3
 Brom's Barrelling Bould  Conj/Erth      0%         2d3       100%        4
 Dimensional Bullseye     Hex/Tloc       0%         N/A       100%        4
 Dispel Undead            Necr           0%         3d6       100%        4
 Fulminant Prism          Conj/Alch      0%         3d5       100%        4
 Iskenderun's Mystic Bla Conj/Tloc 0%             2d3        (+2d1     100%        4
 Martyr's Knell           Necr/Summ      0%         N/A       100%        4
 Olgreb's Toxic Radiance  Alch           0%         N/A       100%        4
 Iskenderun's Battlesphe  Conj           0%         2d6       100%        5
 Bombard                  Conj/Erth      0%         9d1       100%        6
 Permafrost Eruption      Ice/Erth       0%         2x4d1     100%        6
 Sculpt Simulacrum        Ice/Alch       0%         N/A       100%        6
 Manifold Assault         Tloc           0%         N/A       100%        7
 Spellforged Servitor     Conj/Summ      0%         N/A       100%        7


Dungeon Overview and Level Annotations

Branches:
Dungeon (10/15)            Temple (0/1) D:6            Lair (5/5) D:10
 Shoals (0/4) Lair:2        Snake (1/4) Lair:2        Slime (0/5) Lair:4
    Orc (0/2) D:9           Sewer (visited)

Altars:
Ashenzari
Dithmenos
Elyvilon
Gozag
Hepliaklqana
Kikubaaqudgha
Nemelex Xobeh
Okawaru
Trog
Uskayaw
Vehumet
Wu Jian
Jiyva

Shops:
D:1 :   D:5 ?

Annotations:
D:9 exclusion: statue


Innate Abilities, Weirdness & Mutations

You have a pair of horns on your head.
You reflexively headbutt those who attack you in melee.


Message History

You hit the naga sharpshooter. You headbutt the naga sharpshooter.
The naga sharpshooter is moderately wounded.
You feel extremely sick.
You are lethally poisoned!
The naga sharpshooter casts a spell.
The naga sharpshooter magically shoots an arrow.
The arrow closely misses you.
You feel better.
You are poisoned.
The naga sharpshooter mumbles some strange words.
The naga sharpshooter magically shoots an arrow.
The arrow hits you!
You feel very sick.
You are more poisoned.
The naga sharpshooter shoots an arrow.
You block the arrow.
You feel very sick.
* * * LOW HITPOINT WARNING * * *
You are more poisoned.
The naga ritualist's toxic aura wanes.
The naga sharpshooter shoots an arrow.
The arrow hits you.
* * * LOW HITPOINT WARNING * * *
You feel extremely sick.
The naga sharpshooter gestures wildly while chanting.
The naga sharpshooter magically shoots an arrow.
You block the arrow.
You feel very sick.
The naga ritualist invokes the aid of its god against you.
You feel yourself grow more vulnerable to poison.
The naga sharpshooter spits poison at you.
The splash of poison hits you but does no damage.
You are lethally poisoned!
There is a staircase back to the Lair here.
* * * LOW HITPOINT WARNING * * *
You feel extremely sick. The naga ritualist spits poison at you.
You block the splash of poison.
The naga sharpshooter casts a spell.
The naga sharpshooter magically shoots an arrow.
The arrow hits you! Elyvilon protects you from harm!
You climb upwards.
Welcome back to the Lair of Beasts!
You die...

##..# ########....##..# ##......
#..###.#.##......##..# #.......
#............#######.# #.......
#......##.####.......# ##......
##......######...#.#..# #P..)...
#.......# ##.....[)..# ##......
##......# ##...#.#.#.)# ##...#..
#P......###...........###P..#...
##......##..÷#.@.#)..##P##..'...
##......#...........##......#...
#.......#..#÷#.#...##.......#...
#.......#.........##........#...
#P......#..#.#...##.........P...
##......#.......##..............
#####..#.##########P#P#P####.##
#....# ####### ### ##P.##


There were no monsters in sight!

Vanquished Creatures
  A hydra (Lair:5)
  A boulder beetle (Lair:5)
  2 catoblepae (Lair:5)
  3 two-headed ogres
  5 death yaks (Lair:5)
  Urug (Lair:5)
  2 skysharks
  A mana viper (Snake:1)
  2 manticores (Lair:5)
  2 salamanders (Snake:1)
  11 elephants
  4 black mambas
  A naga mage (Snake:1)
  2 torpor snails
  6 cane toads
  A rime drake (Lair:3)
  6 komodo dragons
  2 ice devils (Lair:5)
  2 trolls (D:10)
  A polar bear (Lair:3)
  19 blink frogs
  Grinder (D:3)
  A wyvern (Lair:2)
  A wraith (D:9)
  50 yaks
  Grum (D:8)
  A basilisk (Lair:1)
  3 steam dragons (D:9)
  Menkaure (D:4)
  6 nagas
  11 water moccasins
  A black bear (D:5)
  7 orc warriors
  4 ice beasts
  2 sky beasts (D:7)
  22 wolves
  2 centaurs
  5 ogres
  A kobold brigand (D:8)
  11 bullfrogs
  4 scorpions
  8 wights
  4 electric eels
  8 howler monkeys
  A bombardier beetle (D:6)
  10 hounds
  A jelly (D:7)
  6 orc priests
  3 iguanas
  Natasha (thrice) (D:4)
  5 orc wizards
  9 adders
  A shadow imp (D:8)
  7 dart slugs
  3 ribbon worms
  72 orcs
  22 ball pythons
  7 endoplasms
  16 giant cockroaches
  10 goblins
  8 hobgoblins
  6 jackals
  4 bats
  13 frilled lizards
  6 kobolds
  4 rats
447 creatures vanquished.

Vanquished Creatures (others)
  A lindwurm (Lair:5)
  A black mamba (Snake:1)
  3 yaks (Lair:5)
  An orc priest (D:9)
  7 orcs
13 creatures vanquished.

Grand Total: 460 creatures vanquished

Notes
Turn   | Place    | Note
-------+----------+-------------------------------------------
     0 | D:1      | javelincjr the Minotaur Fighter began the quest for the
                  | Orb.
     0 | D:1      | Reached XP level 1. HP: 19/19 MP: 0/0
    98 | D:1      | Found Cixitiwn's Book Shop.
   165 | D:1      | Reached XP level 2. HP: 22/27 MP: 1/1
   259 | D:1      | Reached skill level 4 in Fighting
   808 | D:2      | Reached XP level 3. HP: 33/33 MP: 2/2
  1198 | D:3      | Found a hide-covered altar of Uskayaw.
  1329 | D:3      | Reached XP level 4. HP: 41/41 MP: 3/3
  1343 | D:3      | Noticed Grinder
  1343 | D:3      | Paralysed by Grinder for 5 turns
  1357 | D:3      | Paralysed by Grinder for 4 turns
  1363 | D:3      | Killed Grinder
  1364 | D:3      | Reached skill level 5 in Fighting
  1364 | D:3      | Reached XP level 5. HP: 44/50 MP: 4/4
  1399 | D:3      | Found a glowing drain.
  1419 | Sewer    | Entered a sewer
  1473 | Sewer    | Reached XP level 6. HP: 57/57 MP: 5/5
  1560 | Sewer    | Reached skill level 5 in Armour
  1693 | Sewer    | Reached skill level 6 in Fighting
  1698 | Sewer    | Reached skill level 5 in Shields
  2645 | D:4      | Noticed Menkaure
  2652 | D:4      | Killed Menkaure
  2653 | D:4      | Reached XP level 7. HP: 29/64 MP: 6/6
  2654 | D:4      | Noticed Natasha
  2672 | D:4      | Killed Natasha
  2680 | D:4      | Reached skill level 7 in Fighting
  2686 | D:4      | Reached skill level 5 in Polearms
  2704 | D:4      | Noticed Natasha
  2718 | D:4      | Killed Natasha
  2729 | D:4      | Identified the +5 whip of Immorality {venom, *Slow rElec
                  | rCorr Str+3}
  2751 | D:4      | Noticed Natasha
  2753 | D:4      | Killed Natasha
  3134 | D:4      | Found a white marble altar of Elyvilon.
  3142 | D:4      | Reached skill level 1 in Maces & Flails
  3176 | D:4      | Became a worshipper of Elyvilon the Healer
  3583 | D:5      | Entered Level 5 of the Dungeon
  3592 | D:5      | Reached XP level 8. HP: 74/74 MP: 7/7
  3595 | D:5      | Reached skill level 8 in Fighting
  3753 | D:5      | Found Yrir Qei's Magic Scroll Emporium.
  3810 | D:5      | Found a bloodstained altar of Trog.
  3888 | D:5      | Found a hazy altar of Hepliaklqana.
  3920 | D:5      | Reached * piety under Elyvilon
  4011 | D:5      | Found an ornate altar of the Wu Jian Council.
  4517 | D:6      | Found a staircase to the Ecumenical Temple.
  4586 | D:6      | Found an ancient bone altar of Kikubaaqudgha.
  4964 | D:6      | Reached skill level 9 in Fighting
  5065 | D:6      | Reached ** piety under Elyvilon
  5095 | D:6      | Found an iron altar of Okawaru.
  5466 | D:7      | Reached XP level 9. HP: 83/83 MP: 8/8
  5706 | D:7      | Found a shadowy altar of Dithmenos.
  6026 | D:8      | Reached *** piety under Elyvilon
  6128 | D:8      | Noticed a two-headed ogre
  6148 | D:8      | Noticed Grum
  6149 | D:8      | Reached skill level 10 in Fighting
  6156 | D:8      | Killed a two-headed ogre
  6157 | D:8      | Reached skill level 5 in Maces & Flails
  6170 | D:8      | Killed Grum
  6458 | D:8      | Found an opulent altar of Gozag.
  6613 | D:8      | Reached XP level 10. HP: 94/94 MP: 9/9
  6616 | D:8      | Reached skill level 11 in Fighting
  6626 | D:9      | Reached skill level 1 in Dodging
  6626 | D:9      | Reached skill level 1 in Invocations
  6882 | D:9      | Identified a scroll of acquirement
  6882 | D:9      | Acquired the scarf of the Centaur {shadows, rF+++ Will-
                  | Dex-3 Stlth+}
  7013 | D:9      | Found a radiant altar of Vehumet.
  7125 | D:9      | Reached **** piety under Elyvilon
  7252 | D:9      | Found a staircase to the Orcish Mines.
  7279 | D:9      | Reached skill level 12 in Fighting
  7612 | D:9      | Found a broken altar of Ashenzari.
  7727 | D:10     | Entered Level 10 of the Dungeon
  7778 | D:10     | Found a sparkling altar of Nemelex Xobeh.
  7930 | D:10     | Reached XP level 11. HP: 50/100 MP: 12/12
  7964 | D:10     | Noticed a two-headed ogre
  7980 | D:10     | Killed a two-headed ogre
  8277 | D:10     | Found a staircase to the Lair.
  8313 | D:10     | Noticed a two-headed ogre
  8323 | D:10     | Killed a two-headed ogre
  8407 | D:10     | Reached ***** piety under Elyvilon
  8776 | D:10     | Noticed a sea snake
  8906 | Lair:1   | Entered Level 1 of the Lair of Beasts
  9010 | Lair:1   | Found the +3 Mad Mage's Maulers {Infuse+∞ VampMP -Cast}
  9170 | Lair:1   | Reached skill level 13 in Fighting
 10054 | Lair:2   | Found a staircase to the Shoals.
 10138 | Lair:2   | Reached skill level 10 in Armour
 10382 | Lair:2   | Reached XP level 12. HP: 91/115 MP: 1/14
 10719 | Lair:2   | Reached skill level 5 in Dodging
 10946 | Lair:2   | Found a staircase to the Snake Pit.
 10953 | Lair:2   | Reached skill level 10 in Shields
 11447 | Lair:3   | Reached skill level 10 in Polearms
 11665 | Lair:3   | Reached ****** piety under Elyvilon
 11731 | Lair:3   | Reached skill level 5 in Invocations
 12125 | Lair:3   | Reached skill level 14 in Fighting
 13967 | Lair:4   | Found a staircase to the Slime Pits.
 13992 | Lair:4   | Found a viscous altar of Jiyva.
 14271 | Lair:5   | Entered Level 5 of the Lair of Beasts
 14273 | Lair:5   | Noticed a four-headed hydra
 14274 | Lair:5   | Pacified a four-headed hydra
 14430 | Lair:5   | Noticed a death yak
 14434 | Lair:5   | Pacified a death yak
 14435 | Lair:5   | Reached XP level 13. HP: 125/125 MP: 0/16
 14600 | Lair:5   | Noticed Urug
 14614 | Lair:5   | Killed Urug
 14643 | Lair:5   | Reached skill level 15 in Fighting
 14913 | Lair:5   | Reached skill level 10 in Maces & Flails
 16415 | Snake:1  | Entered Level 1 of the Snake Pit
 16913 | Snake:1  | Reached skill level 16 in Fighting
 17053 | Snake:1  | Reached XP level 14. HP: 107/137 MP: 1/18
 17264 | Snake:1  | HP: 6/137 [poisoned by a naga sharpshooter (splash of
                  | poison)]
 17264 | Snake:1  | Elyvilon protects you from harm!
 17265 | Lair:2   | Succumbed to a naga sharpshooter's splash of poison

Illustrated notes

Levels and vault maps discovered:
D:1:      pf_arrival_petrified_forest, layout_loops_ring, serial_shops,
          nicolae_diamond_shop
D:2:      layout_rooms, item_on_display_b
D:3:      layout_loops_corners, nicolae_uskayaw_dance_hall,
          cheibrodos_sewer_entry_drain, uniq_grinder
D:4:      layout_basic, mainiacjoe_overflow_paths, uniq_natasha, uniq_menkaure
D:5:      layout_basic, nicolae_overflow_hidden_temple,
          mainiacjoe_overflow_catwalk, nicolae_wu_jian_immortal_techniques,
          nicolae_take_the_stairs
D:6:      minmay_klotski, layout_loops_ring, kennysheep_mini, marbit_many_paths,
          minmay_temple_entry_large_hall, uniq_pikel
D:7:      layout_loops_ring, nicolae_dithmenos_through_a_glass_darkly,
          corexii_leaking_fountain, nicolae_titane
D:8:      layout_cave_pools, nicolae_gozag_seed_capital, serial_glass,
          glass_columns_a, glass_columns_b, feat_on_display,
          minmay_strange_pillars, minmay_strange_pillars, uniq_grum
D:9:      layout_roguey [special_room_orc], vehumet_statue, ashenzari_altar_1,
          erik_orc_2, enter_bailey_3, minmay_stone_trees_medium
D:10:     layout_loops_cross, lemuel_tele_altar, erik_lair_island, special_room
          [special_room_orc], serial_aquarium, aquarium_bridge_square
          [aquarium_subvault_wall, aquarium_subvault_balcony,
          aquarium_subvault_bridge, aquarium_subvault_window],
          aquarium_window_1, aquarium_window_2, aquarium_window_double,
          aquarium_view_2f, aquarium_pool_2
Lair:1:   layout_hall_layers, infiniplex_staircase_pool, grunt_megastairs_3,
          lemuel_fruit_tree
Lair:2:   layout_chaotic_city, elwin_shoals_entry_rocks,
          minmay_snake_entry_guardpost_large
Lair:3:   layout_regular_city, serial_bayou_shore_b, lemuel_fruit_fields
Lair:4:   layout_gridlike, slime_entry_1
Lair:5:   evilmike_catoblepas_cave, layout_small_grid,
          portal_ice_cave_demonic_guard, uniq_urug
Snake:1:  hangedman_cross_stitches, layout_chambers,
          hangedman_snake_thin_pillar_pass, serial_bayou_shore_a,
          grunt_megastairs_2, uniq_asterion, uniq_aizul, uniq_nikola,
          uniq_louise

Skill      XL: |  1  2  3  4  5  6  7  8  9 10 11 12 13 14 |
---------------+-------------------------------------------+-----
Fighting       | 4 5 6 7 9 10 12 13 14 16 | 16.1
Shields        | 4 5 6 8 9 10 11 | 11.8
Armour         | 4 5 6 7 8 9 10 11 12 | 12.0
Polearms       | 3 4 5 6 7 8 9 10 11 | 11.7
Maces & Flails | 1 3 5 6 8 9 10 | 10.5
Dodging        | 3 4 6 7 |  7.7
Invocations    | 2 4 5 7 |  7.1

Action                     |  1- 3 |  4- 6 |  7- 9 | 10-12 | 13-15 || total
---------------------------+-------+-------+-------+-------+-------++-------
  Melee: Trident           |    84 |   144 |    26 |       |       ||   254
         Headbutt          |    10 |    18 |    38 |   185 |    81 ||   332
         Whip              |       |       |   230 |   788 |   289 ||  1307
  Throw: Dart              |       |       |       |     6 |     3 ||     9
 Invoke: Heal Self         |       |       |     1 |       |     2 ||     3
         Heal Other        |       |       |       |     2 |    25 ||    27
    Use: Scroll            |     4 |       |     9 |    12 |     2 ||    27
         Potion            |       |     1 |     1 |       |     8 ||    10
   Stab: Petrified         |       |       |       |       |     3 ||     3
 Armour: Scale mail        |    18 |       |       |       |       ||    18
         Chain mail        |    17 |   115 |   144 |    30 |       ||   306
         Skin              |       |       |    21 |       |       ||    21
         Plate armour      |       |       |       |   508 |   252 ||   760
  Dodge: Dodged            |    28 |    32 |    72 |   162 |    82 ||   376
  Block: Buckler           |     3 |       |       |       |       ||     3
         Kite shield       |    10 |    86 |   162 |   460 |   193 ||   911

Table legend: (Time is in decaauts)
 A = Elapsed time spent in this place.
 B = Non-inter-level travel time spent in this place.
 C = Inter-level travel time spent in this place.
 D = Time resting spent in this place.
 E = Time spent auto-exploring this place.
 F = Levels seen in this place.
 G = Mean time per level.
                   A        B        C        D        E       F      G
               +--------+--------+--------+--------+--------+-----+--------+
         Total |  17207 |  16280 |    927 |    678 |  11757 |  17 | 1012.2 |
       Dungeon |   8421 |   7856 |    565 |    133 |   5521 |  10 |  842.1 |
          Lair |   7470 |   7109 |    361 |    398 |   5608 |   5 | 1494.0 |
     Snake Pit |    737 |    737 |      0 |    147 |    401 |   1 |  737.0 |
         Sewer |    577 |    577 |      0 |      0 |    226 |   1 |  577.0 |
               +--------+--------+--------+--------+--------+-----+--------+

Top non-repeatable levels by time:
  Lair:5: 1993 daAuts
  Lair:4: 1527 daAuts
  Lair:3: 1432 daAuts
  Lair:2: 1424 daAuts
    D:10: 1151 daAuts
  Lair:1: 1092 daAuts
     D:9: 1088 daAuts
     D:4: 1010 daAuts
     D:3: 960 daAuts
     D:5: 921 daAuts
     D:7: 803 daAuts
     D:1: 754 daAuts
 Snake:1: 737 daAuts
     D:6: 683 daAuts
     D:8: 625 daAuts
